 Dungeon Crawl Stone Soup version 0.25.1-2-g60ff931df9 (webtiles) character file.

Game seed: 13549379935246243131

3906 raphaelitos the Chopper (level 10, -2/76 HPs)
             Began as a Demonspawn Gladiator on Nov 16, 2020.
             Was a Believer of Trog.
             Slain by a troll (8 damage)
             ... on level 8 of the Dungeon.
             The game lasted 00:22:37 (9079 turns).

raphaelitos the Chopper (Demonspawn Gladiator)      Turns: 9079, Time: 00:22:38

Health: -2/76      AC: 10    Str: 15    XL:     10   Next: 0%
Magic:  0/10       EV: 14    Int: 23    God:    Trog [**....]
Gold:   424        SH:  0    Dex: 18    Spells: 9/9 levels left

rFire    . . .     SeeInvis .   a - +5 battleaxe
rCold    . . .     Gourm    .   (shield currently unavailable)
rNeg     . . .     Faith    .   p - +3 ring mail
rPois    .         Spirit   +   c - +0 helmet
rElec    .         Reflect  .   (no cloak)
rCorr    .         Harm     .   (no gloves)
MR       .....                  (no boots)
Stlth    ++........             l - amulet of the acrobat
HPRegen  0.22/turn              k - +6 ring of intelligence
MPRegen  0.12/turn              m - +6 ring of intelligence

@: lethally poisoned (-2 -> -3), starving
A: talons 2, thin skeletal structure 1, spiny 1, magic shield
a: Berserk, Trog's Hand, Renounce Religion


You were on level 8 of the Dungeon.
You worshipped Trog.
Trog was pleased with you.
You were starving.

You visited 2 branches of the dungeon, and saw 9 of its levels.
You also visited: Sewer and Ossuary.

You collected 424 gold pieces.

Inventory:

Hand Weapons
 a - a +5 battleaxe (weapon)
 G - the +8 dagger "Cabibierph" {vorpal, rN+, unknown}
   (You found it on level 8 of the Dungeon)

   It inflicts extra damage upon your enemies.
   It protects you from negative energy.
Missiles
 d - 5 throwing nets (quivered)
 s - 68 bolts
 t - 105 arrows
 E - 45 sling bullets
Armour
 b - a +0 leather armour
 c - a +0 helmet (worn)
 p - a +3 ring mail (worn)
Jewellery
 k - a +6 ring of intelligence (left hand)
 l - an amulet of the acrobat (around neck)
 m - a +6 ring of intelligence (right hand)
Wands
 v - a wand of digging (3)
 y - a wand of acid (9)
 A - a wand of iceblast (9)
Scrolls
 j - 7 scrolls of identify
 q - a scroll of teleportation
 r - 2 scrolls of enchant armour
 B - a scroll of remove curse
Potions
 e - 4 potions of mutation
 g - 5 potions of brilliance {unknown}
 h - a potion of magic {unknown}
 i - 2 potions of heal wounds
 o - 5 potions of cancellation {unknown}
 u - 4 potions of curing
 w - 2 potions of haste {unknown}
 x - 2 potions of invisibility {unknown}
 z - a potion of berserk rage {unknown}
 C - 2 potions of stabbing {unknown}
 D - a potion of flight {unknown}
 H - a potion of ambrosia {unknown}
Miscellaneous
 n - a phantom mirror
Comestibles
 f - 10 rations


   Skills:
 + Level 6.3 Fighting
 + Level 0.7(3.1) Short Blades
   Level 4.9 Long Blades
 + Level 7.2(7.6) Axes
   Level 2.9(5.4) Maces & Flails
   Level 0.8(4.5) Polearms
 + Level 1.9 Throwing
 + Level 5.3 Armour
 + Level 5.0 Dodging
 + Level 3.0 Stealth


You had 9 spell levels left.
You didn't know any spells.
Your spell library contained the following spells:

 Spells                   Type           Power        Failure   Level  Hunger
 Infusion                 Chrm           #...         28%         1    ##.....
 Shroud of Golubria       Chrm/Tloc      #.....       41%         2    ###....
 Song of Slaying          Chrm           #.......     41%         2    ###....
 Ozocubu's Armour         Chrm/Ice       #.......     65%         3    ####...
 Spectral Weapon          Hex/Chrm       #.......     65%         3    ####...


Dungeon Overview and Level Annotations

Branches:
Dungeon (8/15)             Temple (1/1) D:4            Lair (0/6) D:8
  Sewer (visited)         Ossuary (visited)

Altars:
Ashenzari
Dithmenos
Elyvilon
Fedhas
Gozag
Hepliaklqana
Kikubaaqudgha
Makhleb
Nemelex Xobeh
Okawaru
Qazlal
Ru
Sif Muna
Trog
Uskayaw
Vehumet
Wu Jian
Xom
Yredelemnul
Zin
The Shining One

Shops:
D:6 :**(   D:7 (   D:8 =

Annotations:
D:2 blink


Innate Abilities, Weirdness & Mutations

You have razor-sharp toenails.
You have a somewhat thin skeletal structure. (Dex +2, Stealth)
You are partially covered in sharp spines.
When hurt, damage is shared between your health and your magic reserves.


Message History

You feel sick.
You feel sick.
A troll comes into view.
A troll is nearby!
A troll is nearby!
A troll is nearby!
You feel sick.
The troll shouts!
There is a staircase to the Lair here.
You barely miss the troll. You claw the troll!
The troll is lightly wounded.
You are starving!
The troll is struck by your spines. The troll barely misses you. x2
The troll claws you.
* * * LOW HITPOINT WARNING * * *
You hit the troll. You claw the troll.
The troll is heavily wounded.
A wolf comes into view.
The troll is struck by your spines. The troll bites you!
You die...

.≈.≈≈.≈.≈≈≈≈≈≈.
..≈≈≈≈≈.≈≈≈≈...
...≈≈≈≈≈.≈≈≈..≈.
#....≈≈≈≈.≈≈≈≈≈..
.....≈≈≈≈...≈≈≈..
#...≈≈≈...≈.≈≈≈≈h
#..≈≈≈...T≈≈≈≈≈≈
#.≈.≈≈..@..≈≈≈≈≈
#..≈≈.≈.>.≈≈≈≈≈≈#
#..≈≈≈....≈≈≈≈≈≈##
##.≈≈≈≈.†.≈.≈≈≈≈≈.# #.##
#....≈≈≈≈≈≈≈≈≈≈≈≈...###.(.
###....≈≈≈≈≈≈≈≈≈...#..##....
#....≈≈≈.≈.≈≈≈≈≈...##.#.....
##...≈....≈≈.≈.≈...##.......
###.≈..†.≈.≈.≈≈...##.......


You could see a troll and a wolf (wandering).

Vanquished Creatures
  A hippogriff (D:7)
  Duvessa (D:4)
  2 orc warriors
  A sky beast (D:7)
  4 ice beasts
  An ogre (D:5)
  A necrophage (D:7)
  2 wolves (D:8)
  A centaur (D:7)
  An elf zombie (Ossuary)
  Dowan (D:4)
  9 bullfrogs
  A gnoll sergeant (D:7)
  A scorpion (D:5)
  11 killer bees
  3 wights (D:4)
  2 electric eels (D:8)
  3 crimson imps
  A human zombie (Ossuary)
  3 centaur zombies (Ossuary)
  A jelly (D:6)
  6 hounds
  Ijyb (D:4)
  Natasha (thrice) (D:4)
  3 iguanas
  2 worker ants
  A killer bee zombie (D:8)
  A hound zombie (D:6)
  2 mummies (Ossuary)
  Robin (D:2)
  7 gnolls
  14 adders
  A shadow imp (D:7)
  2 worms
  2 dart slugs
  6 leopard geckos
  12 orcs
  8 bats
  12 giant cockroaches
  18 goblins
  8 hobgoblins
  3 jackals (D:6)
  5 kobolds
  2 quokkas
  2 ball pythons
  9 frilled lizards
  3 goblin zombies (Ossuary)
  14 hobgoblin zombies (Ossuary)
  A jackal zombie (Ossuary)
  10 kobold zombies (Ossuary)
  3 leopard gecko skeletons
  A leopard gecko zombie (D:5)
  3 orc zombies (Ossuary)
  8 rats
  A rat zombie (Ossuary)
226 creatures vanquished.

Notes
Turn   | Place    | Note
-------+----------+-------------------------------------------
     0 | D:1      | raphaelitos the Demonspawn Gladiator began the quest for
                  | the Orb.
     0 | D:1      | Reached XP level 1. HP: 16/16 MP: 1/1
   158 | D:1      | Gained mutation: You are partially covered in sharp spines.
                  | [demonic ancestry]
   158 | D:1      | Reached XP level 2. HP: 22/22 MP: 2/2
   842 | D:2      | Noticed Robin
   860 | D:2      | Reached XP level 3. HP: 13/27 MP: 3/3
   866 | D:2      | HP: 1/27 [Robin/+0 mace (6)]
   867 | D:2      | Killed Robin
  1206 | D:2      | Gained mutation: When hurt, damage is shared between your
                  | health and your magic reserves. [demonic ancestry]
  1206 | D:2      | Reached XP level 4. HP: 34/34 MP: 4/4
  1209 | D:2      | Reached skill level 1 in Armour
  2045 | D:3      | Found a glowing drain.
  2063 | Sewer    | Entered a sewer
  2143 | Sewer    | Gained mutation: You have sharp toenails. [demonic
                  | ancestry]
  2143 | Sewer    | Reached XP level 5. HP: 39/39 MP: 5/5
  2294 | Sewer    | Gained mutation: You have a somewhat thin skeletal
                  | structure. (Dex +2, Stealth) [demonic ancestry]
  2294 | Sewer    | Reached XP level 6. HP: 38/46 MP: 6/6
  3414 | D:4      | Noticed Duvessa
  3414 | D:4      | Noticed Dowan
  3414 | D:4      | Noticed Natasha
  3421 | D:4      | Killed Natasha
  3421 | D:4      | Reached skill level 1 in Maces & Flails
  3429 | D:4      | HP: 1/47 [Duvessa/+4 short sword of draining (2)]
  3770 | D:4      | Found a staircase to the Ecumenical Temple.
  3770 | D:4      | Noticed Ijyb
  3775 | D:4      | Killed Ijyb
  3781 | D:4      | Noticed Natasha
  3786 | D:4      | Killed Natasha
  3883 | D:4      | Noticed Natasha
  3905 | D:4      | Killed Natasha
  3905 | D:4      | Reached XP level 7. HP: 47/52 MP: 7/7
  3975 | D:4      | Killed Duvessa
  3984 | D:4      | Killed Dowan
  3984 | D:4      | Reached skill level 1 in Stealth
  4280 | D:4      | Found a basalt altar of Yredelemnul.
  4280 | D:4      | Found a sacrificial altar of Ru.
  4891 | D:4      | Found a hide-covered altar of Uskayaw.
  5010 | Temple   | Entered the Ecumenical Temple
  5140 | Temple   | Became a worshipper of Trog the Wrathful
  5209 | D:5      | Entered Level 5 of the Dungeon
  5629 | D:5      | Reached skill level 1 in Axes
  5629 | D:5      | Reached XP level 8. HP: 29/60 MP: 4/8
  5807 | D:5      | Reached skill level 2 in Axes
  5808 | D:5      | Found a shadowy altar of Dithmenos.
  6304 | D:6      | Found Cakil's Assorted Antiques.
  6328 | D:6      | Found Vuchek's Antique Weapon Emporium.
  6412 | D:6      | Found a sand-covered staircase.
  6431 | Ossuary  | Entered an ossuary
  6485 | Ossuary  | Reached * piety under Trog
  6691 | Ossuary  | Reached skill level 3 in Axes
  6917 | D:6      | Found Ekeku's Book Shop.
  7037 | D:6      | Found Acystron's General Store.
  7187 | D:6      | Reached skill level 4 in Axes
  7261 | D:6      | Reached ** piety under Trog
  7753 | D:7      | Reached skill level 5 in Fighting
  7754 | D:7      | Reached skill level 5 in Axes
  7754 | D:7      | Gained mutation: You have razor-sharp toenails. [demonic
                  | ancestry]
  7754 | D:7      | Reached XP level 9. HP: 68/68 MP: 9/9
  8063 | D:7      | Reached skill level 6 in Axes
  8481 | D:7      | Found Beer's Weapon Emporium.
  8595 | D:7      | Reached skill level 5 in Armour
  8619 | D:7      | Found a shattered altar of Ashenzari.
  8790 | D:7      | Found an iron altar of Okawaru.
  8823 | D:8      | Found a staircase to the Lair.
  8844 | D:8      | Found Eblyw's Jewellery Boutique.
  8924 | D:8      | Reached skill level 7 in Axes
  8989 | D:8      | Got an iridescent dagger
  9046 | D:8      | Reached skill level 5 in Dodging
  9053 | D:8      | HP: 1/69 [electric eel/bolt of electricity (10)]
  9060 | D:8      | Reached XP level 10. HP: 11/76 MP: 1/10
  9079 | D:8      | Slain by a troll

Illustrated notes

Levels and vault maps discovered:
D:1:      ncdulo_smallfort, layout_basic
D:2:      layout_loops_ring, lemuel_flame_loot_1, uniq_robin
D:3:      layout_basic, cheibrodos_sewer_entry_drain, kennysheep_pointless_box
D:4:      layout_basic, overflow_temple_1_default,
          chequers_temple_overflow_statue_of_worship, temple_fountains,
          uniq_ijyb, uniq_duvessa, uniq_natasha
D:5:      layout_basic, lemuel_doored_altar, first_ration
D:6:      layout_rooms, serial_shops, shop, shop, shop_fountains, shop_statue,
          chequers_ossuary_entry_cave, minmay_three_doors
D:7:      layout_cave_pools, kennysheep_mini_moat, old_standard_altar,
          serial_shops, nicolae_shop_trees
D:8:      cheibrodos_quashed, layout_cave_pools, marbit_many_paths,
          erik_lair_island, enter_bailey_2, hangedman_little_slice_of_home,
          minmay_misc_feat_plants, minmay_misc_feat_columns,
          minmay_shop_enchanted_jewellery
Temple:   regret_index_temple_waves

Skill      XL: |  1  2  3  4  5  6  7  8  9 |
---------------+----------------------------+-----
Long Blades    | 3 4 |  4.9
Dodging        | 3 4 5 |  5.0
Armour         | 1 2 3 4 5 |  5.3
Fighting       | 3 4 5 6 |  6.3
Maces & Flails | 2 |  2.9
Stealth        | 1 2 3 |  3.0
Axes           | 1 5 7 |  7.2
Short Blades   | |  0.7
Polearms       | |  0.8
Throwing       | |  1.9

Action                   |  1- 3 |  4- 6 |  7- 9 | 10-12 || total
-------------------------+-------+-------+-------+-------++-------
Melee: Long sword        |    36 |    58 |       |       ||    94
       Kick              |       |    21 |    73 |     3 ||    97
       Morningstar       |       |    74 |    15 |       ||    89
       Battleaxe         |       |       |   198 |     5 ||   203
       Spear             |       |       |    17 |       ||    17
       Short sword       |       |       |     7 |       ||     7
  Use: Scroll            |       |     9 |     9 |       ||    18
       Potion            |       |     2 |     4 |       ||     6
 Stab: Sleeping          |       |     1 |     6 |       ||     7
       Distracted        |       |       |     1 |       ||     1
  Eat: Chunk             |     1 |     9 |    11 |       ||    21
       Ration            |       |       |     1 |       ||     1
Armor: Leather armour    |     1 |     5 |       |       ||     6
       Ring mail         |    15 |    34 |    96 |     1 ||   146
Dodge: Dodged            |    45 |   122 |   201 |     4 ||   372
Block: Kite shield       |    11 |       |       |       ||    11
       Rpst.: Long sword |    22 |    11 |       |       ||    33
